 Dungeon Crawl Stone Soup version 0.28-a0-519-gbfeecf2fc5 (webtiles) character file.

Game seed: 7223146439235726690

127 ryw the Ruffian (level 5, -6/46 HPs)
             Began as a Ghoul Monk on Sept 23, 2021.
             Mangled by a wyvern zombie (11 damage)
             ... on level 3 of the Dungeon.
             The game lasted 00:03:20 (2929 turns).

ryw the Ruffian (Ghoul Monk)                        Turns: 2929, Time: 00:03:20

Health: -6/46      AC:  2    Str: 16    XL:     5   Next: 11%
Magic:  4/4        EV: 12    Int:  5    God:
Gold:   46         SH:  4    Dex: 17    Spells: 4/4 levels left

rFire   . . .      SeeInvis .     - Unarmed
rCold   + . .      Faith    .   h - +0 buckler
rNeg    + + +      Spirit   .   a - +0 robe
rPois   ∞          Reflect  .   (no helmet)
rElec   .          Harm     .   (no cloak)
rCorr   .          Rampage  .   (no gloves)
Will    .....                   (no boots)
Stlth   ++........              (no amulet)
HPRegen 0.00/turn               g - +6 ring of dexterity
MPRegen 0.09/turn               (no ring)

@: inhibited regen
A: claws 1, cold resistance 1, negative energy resistance 3, inhibited
regeneration, torment resistance 2
a: no special abilities


You were on level 3 of the Dungeon.
You visited 1 branch of the dungeon, and saw 3 of its levels.

You collected 46 gold pieces.

Inventory:

Armour
 a - a +0 robe (worn)
 h - a +0 buckler (worn)
Jewellery
 g - a +6 ring of dexterity (left claw)
Scrolls
 e - a scroll of teleportation {unknown}
 i - a scroll of amnesia {unknown}
Potions
 b - a potion of attraction {unknown}
 c - a potion of invisibility {unknown}
 d - a potion of flight {unknown}
 f - 3 potions of curing {unknown}


   Skills:
 + Level 4.1 Fighting
 + Level 3.4 Dodging
 - Level 2.1 Stealth
 * Level 5.0 Unarmed Combat


You had 4 spell levels left.
You didn't know any spells.
Your spell library contained the following spells:

 Spells                   Type           Power      Damage    Failure   Level
 Scorch                   Fire           0%         2d5       80%         2
 Flame Wave               Conj/Fire      0%         3d3       100%        4
 Summon Cactus Giant      Summ           0%         N/A       100%        6


Dungeon Overview and Level Annotations

Branches:
Dungeon (3/15)

Altars:

Shops:
D:1 [


Innate Abilities, Weirdness & Mutations

You thrive by killing the living.
You are immune to poison.
You have sharp fingernails.
Your flesh is cold resistant. (rC+)
You are immune to negative energy. (rN+++)
You do not regenerate when monsters are visible.
You are immune to unholy pain and torment.


Message History

You claw the wyvern zombie!
The wyvern zombie is lightly damaged.
The wyvern zombie completely misses you.
You scratch the wyvern zombie.
The wyvern zombie is moderately damaged.
You block the wyvern zombie's attack.
You scratch the wyvern zombie.
The wyvern zombie is moderately damaged.
The wyvern zombie barely misses you. The wyvern zombie misses you.
You scratch the wyvern zombie but do no damage.
The wyvern zombie is moderately damaged.
The wyvern zombie bites you!
You claw the wyvern zombie!
The wyvern zombie is heavily damaged.
The wyvern zombie bites you.
You barely miss the wyvern zombie.
The wyvern zombie is heavily damaged.
You block the wyvern zombie's attack. The wyvern zombie bites you!
You are too injured to fight recklessly!
You are too injured to fight recklessly!
Your shield prevents you from hitting the wyvern zombie.
The wyvern zombie is heavily damaged.
The wyvern zombie bites you.
You claw the wyvern zombie!
The wyvern zombie is severely damaged.
The wyvern zombie barely misses you.
You scratch the wyvern zombie.
The wyvern zombie is severely damaged.
The wyvern zombie bites you!
* * * LOW HITPOINT WARNING * * *
The wyvern zombie misses you.
You barely miss the wyvern zombie.
The wyvern zombie is severely damaged.
The wyvern zombie bites you.
* * * LOW HITPOINT WARNING * * *
Unknown command.
You scratch the wyvern zombie but do no damage.
The wyvern zombie is severely damaged.
The wyvern zombie bites you!
You die...

#####.##### #.........#
#.###.###.# #+# #.###.#
#.# #.# #.#...###.# #.#
#..)......#####.##
#<.<.#..........†######
#.#..#.######..........
#.#..#.##......@.######
#.#..#.##.###.#Z##
#.#..... #.#.# #....#.#
#.#.# ######.# #.#.# .
..#.# #.# #.#


You could see a wyvern zombie.

Vanquished Creatures
  3 gnolls
  4 adders (D:2)
  2 dart slugs (D:2)
  5 ball pythons
  5 endoplasms
  5 giant cockroaches
  3 goblins
  8 hobgoblins
  3 jackals (D:2)
  3 quokkas
  6 bats
  3 frilled lizards (D:1)
  4 rats
54 creatures vanquished.

Vanquished Creatures (others)
  2 plants (D:1)
2 creatures vanquished.

Grand Total: 56 creatures vanquished

Notes
Turn   | Place    | Note
-------+----------+-------------------------------------------
     0 | D:1      | ryw the Ghoul Monk began the quest for the Orb.
     0 | D:1      | Reached XP level 1. HP: 19/19 MP: 0/0
   241 | D:1      | Reached XP level 2. HP: 25/26 MP: 1/1
   755 | D:1      | Found Panemuat's Armour Shoppe.
   842 | D:1      | Reached skill level 4 in Unarmed Combat
   842 | D:1      | Reached XP level 3. HP: 19/31 MP: 2/2
  1888 | D:2      | Reached XP level 4. HP: 40/40 MP: 3/3
  2655 | D:2      | Reached XP level 5. HP: 12/46 MP: 4/4
  2884 | D:3      | Reached skill level 5 in Unarmed Combat
  2929 | D:3      | Mangled by a wyvern zombie

Illustrated notes

Levels and vault maps discovered:
D:1:      tarquinn_simple_flora_water_b, layout_loops_corners, serial_shops,
          shop
D:2:      layout_basic
D:3:      minmay_chambers_of_threes, layout_loops_corners,
          general_overflow_altar, gammafunk_ghost_nasty_kobolds, st_stairs_5

Skill      XL: |  1  2  3  4  5 |
---------------+----------------+-----
Unarmed Combat | 4 5 |  5.0
Dodging        | 3 |  3.4
Fighting       | 4 |  4.1
Stealth        | |  2.1

Action                   |  1- 3 |  4- 6 || total
-------------------------+-------+-------++-------
Melee: Unarmed           |   114 |    65 ||   179
       Punch             |     3 |       ||     3
 Stab: Sleeping          |    14 |     2 ||    16
Armor: Robe              |    22 |     5 ||    27
Dodge: Dodged            |    63 |    37 ||   100
Block: Buckler           |       |    13 ||    13

Table legend: (Time is in decaauts)
 A = Elapsed time spent in this place.
 B = Non-inter-level travel time spent in this place.
 C = Inter-level travel time spent in this place.
 D = Time resting spent in this place.
 E = Time spent auto-exploring this place.
 F = Levels seen in this place.
 G = Mean time per level.
                   A        B        C        D        E       F      G
               +--------+--------+--------+--------+--------+-----+--------+
         Total |   2921 |   2809 |    112 |    448 |   1888 |   3 |  973.7 |
       Dungeon |   2921 |   2809 |    112 |    448 |   1888 |   3 |  973.7 |
               +--------+--------+--------+--------+--------+-----+--------+

Top non-repeatable levels by time:
     D:1: 1465 daAuts
     D:2: 1392 daAuts
     D:3: 63 daAuts
